 Dungeon Crawl Stone Soup version 0.25.1-2-g60ff931df9 (webtiles) character file.

Game seed: 12452879268081392579

95 Gunterle the Charmwright (level 4, -4/23 HPs)
             Began as a Spriggan Skald on Sept 26, 2020.
             Killed from afar by an orc wizard (6 damage)
             ... with a magic dart
             ... on level 3 of the Dungeon on Sept 27, 2020.
             The game lasted 00:15:58 (2871 turns).

Gunterle the Charmwright (Spriggan Skald)           Turns: 2871, Time: 00:15:59

Health: -4/23      AC:  3    Str:  7    XL:     4   Next: 40%
Magic:  4/10       EV: 19    Int: 15    God:
Gold:   63         SH:  0    Dex: 15    Spells: 2/10 levels left

rFire    . . .     SeeInvis +   a - +0 short sword
rCold    . . .     Gourm    .   (shield restricted)
rNeg     . . .     Faith    .   b - +1 robe
rPois    .         Spirit   .   (helmet restricted)
rElec    .         Reflect  .   (no cloak)
rCorr    .         Harm     .   (gloves unavailable)
MR       .....                  (boots unavailable)
Stlth    +++.......             (no amulet)
HPRegen  0.07/turn              g - ring of stealth
MPRegen  0.12/turn              (no ring)

@: shrouded, infused, very quick
A: very small, unfitting armour, see invisible, herbivore, speed 3, slow
metabolism 2
a: no special abilities


You were on level 3 of the Dungeon.
You were not hungry.

You visited 1 branch of the dungeon, and saw 3 of its levels.

You collected 63 gold pieces.

Inventory:

Hand Weapons
 a - a +0 short sword (weapon)
Missiles
 c - 56 stones (quivered)
Armour
 b - a +1 robe (worn)
Jewellery
 g - a ring of stealth (left hand)
Scrolls
 e - 2 scrolls of amnesia
 f - a scroll of fear
 i - a scroll of noise {unknown}
 j - a scroll of enchant armour
 k - a scroll of remove curse
 m - a scroll of random uselessness {unknown}
 n - a scroll of teleportation {unknown}
Potions
 h - 2 potions of heal wounds
 l - a potion of brilliance {unknown}
Comestibles
 d - 9 rations


   Skills:
 + Level 2.0 Fighting
 * Level 3.2 Short Blades
 + Level 4.0 Dodging
 + Level 1.5 Stealth
 * Level 3.5 Spellcasting
 + Level 5.0 Charms
 + Level 1.1 Translocations


You had 2 spell levels left.
You knew the following spells:

 Your Spells              Type           Power        Failure   Level  Hunger
a - Infusion              Chrm           ###.         2%          1    None
b - Shroud of Golubria    Chrm/Tloc      ##....       9%          2    ##.....
c - Song of Slaying       Chrm           ###.....     3%          2    ##.....
d - Spectral Weapon       Hex/Chrm       ##......     21%         3    ###....

Your spell library contained the following spells:

 Spells                   Type           Power        Failure   Level  Hunger
 Ozocubu's Armour         Chrm/Ice       ##......     21%         3    ###....


Dungeon Overview and Level Annotations

Branches:
Dungeon (3/15)

Altars:
Kikubaaqudgha
Ru
Trog
Yredelemnul

Annotations:
D:2 Menkaure, Sigmund


Innate Abilities, Weirdness & Mutations

You are very small and have problems with some larger weapons.
You are too small for most types of armour.
You have supernaturally acute eyesight. (SInv)
You are a herbivore.
You cover ground extremely quickly.
You need to consume almost no food.


Message History

The orc wizard points at you and mumbles some strange words.
The magic dart hits you!
* * * LOW HITPOINT WARNING * * *
You barely miss the orc wizard.
The orc wizard is moderately wounded.
The orc wizard completely misses you.
You closely miss the orc wizard.
The orc wizard is moderately wounded.
The orc wizard misses you.
You hit the orc wizard.
The orc wizard is severely wounded.
The orc wizard hits you but does no damage.
You closely miss the orc wizard.
The orc wizard is severely wounded.
Your shroud bends the orc wizard's attack away.
You closely miss the orc wizard.
The orc wizard is severely wounded.
The orc wizard casts a spell at you. The magic dart hits you.
You die...

.#.# ...# # ##..# #
... # ##'## #
####.#...# ..# #
##.)..#.#.# ..# #
#..####.#o####.# #
#..#....#.@..#.## #
#######..'.#######.#r.
.# .........#....#
.#.########.###
.........####.#
####.##.........#
.......#....# #
#.....<.........#
.....(.####.#
#...###.........#
######## #####..J#
#J........#
.......g###.........#
##.#.#...##.........#


You could see an orc wizard.

Vanquished Creatures
  3 adders
  A dart slug (D:1)
  3 leopard geckos
  3 orcs (D:3)
  10 bats
  2 giant cockroaches
  4 goblins
  7 hobgoblins
  6 jackals
  4 kobolds
  6 frilled lizards
  9 rats
58 creatures vanquished.

Notes
Turn   | Place    | Note
-------+----------+-------------------------------------------
     0 | D:1      | Gunterle the Spriggan Skald began the quest for the Orb.
     0 | D:1      | Reached XP level 1. HP: 10/10 MP: 5/5
    93 | D:1      | Reached XP level 2. HP: 11/15 MP: 0/6
    97 | D:1      | Learned a level 2 spell: Shroud of Golubria
   712 | D:1      | Reached XP level 3. HP: 18/18 MP: 8/8
   716 | D:1      | Learned a level 2 spell: Song of Slaying
  1095 | D:2      | Reached skill level 1 in Stealth
  1178 | D:2      | Noticed Sigmund
  1228 | D:2      | Found a basalt altar of Yredelemnul.
  1231 | D:2      | Found a transporter.
  1231 | D:2      | Noticed Menkaure
  1233 | D:2      | Found a transporter.
  1645 | D:1      | Learned a level 3 spell: Spectral Weapon
  1680 | D:2      | Reached skill level 5 in Charms
  1680 | D:2      | Reached XP level 4. HP: 22/23 MP: 0/10
  1819 | D:2      | Found an ancient bone altar of Kikubaaqudgha.
  1870 | D:2      | Found a sacrificial altar of Ru.
  1961 | D:2      | Noticed a phantom
  2080 | D:2      | Found a bloodstained altar of Trog.
  2829 | D:3      | Reached skill level 1 in Translocations
  2866 | D:3      | HP: 1/23 [orc wizard/magic dart (8)]
  2871 | D:3      | Killed from afar by an orc wizard

Illustrated notes

Levels and vault maps discovered:
D:1:      erik_arrival_cave_to_civilisation [erik_arrival_cave_to_hall],
          layout_loops_ring
D:2:      layout_rooms, gammafunk_temple_of_torment, marbit_many_paths,
          nicolae_ru_the_path_less_chosen, first_ration, uniq_sigmund
D:3:      minmay_diamond_boxcup, layout_basic, roderic_filled_cross,
          uniq_terence, uniq_ijyb

Skill      XL: |  1  2  3  4 |
---------------+-------------+-----
Spellcasting   | 3 |  3.5
Stealth        | 1 |  1.5
Short Blades   | 3 |  3.2
Dodging        | 4 |  4.0
Charms         | 5 |  5.0
Fighting       | 2 |  2.0
Translocations | 1 |  1.1

Action                   |  1- 3 |  4- 6 || total
-------------------------+-------+-------++-------
Melee: Short sword       |   126 |    69 ||   195
Throw: Stone             |    31 |     6 ||    37
 Cast: Infusion          |    13 |     5 ||    18
       Shroud of Golubri |     2 |     3 ||     5
       Song of Slaying   |     1 |       ||     1
  Use: Scroll            |     4 |     1 ||     5
 Stab: Sleeping          |     7 |     3 ||    10
Armor: Robe              |    14 |     8 ||    22
Dodge: Dodged            |    92 |    53 ||   145
